 Dungeon Crawl Stone Soup version 0.19-a0-1260-gc94d3f7 (webtiles) character file.

5740 hairmachine the Destroyer (level 10, 0/70 HPs)
             Began as a Mottled Draconian Conjurer on Aug 28, 2016.
             Was a High Priest of Sif Muna.
             Slain by a wyvern (3 damage)
             ... on level 10 of the Dungeon.
             The game lasted 00:50:39 (16607 turns).

hairmachine the Destroyer (DrCj)                   Turns: 16607, Time: 00:50:40

Health: 0/70       AC: 10    Str: 11    XL:     10   Next: 49%
Magic:  9/28       EV: 17    Int: 19    God:    Sif Muna [*****.]
Gold:   560        SH:  2    Dex: 16    Spells: 5 memorised, 3 levels left

rFire  . . .     SeeInvis .     G - +8 trident of Context {speed, rElec rC++}
rCold  + + .     Gourm    .     (armour unavailable)
rNeg   . . .     Faith    .     (no shield)
rPois  .         Spirit   .     (helmet restricted)
rElec  +         Dismiss  .     n - +0 cloak
rCorr  .         Reflect  +     H - +1 pair of gloves
MR     .....     Harm     .     (no boots)
Stlth  +++.......               r - +2 amulet of reflection
                                D - ring of wizardry
                                y - ring of magical power

@: agile, very slightly contaminated, divine energy
A: breathe sticky flame splash, unfitting armour, cold-blooded, AC +7
a: Breathe Sticky Flame, Stop Divine Energy, Channel Magic, Forget Spell,
Renounce Religion


You were on level 10 of the Dungeon.
You worshipped Sif Muna.
Sif Muna was extremely pleased with you.
You were hungry.

You visited 1 branch of the dungeon, and saw 10 of its levels.

You collected 560 gold pieces.

Inventory:

Hand Weapons
 G - the +8 trident of Context (weapon) {speed, rElec rC++}
   (You took it off a gnoll sergeant on level 6 of the Dungeon)

   Attacks with this weapon are significantly faster.
   It greatly protects you from cold.
   It insulates you from electricity.
Armour
 n - a +0 cloak (worn)
 s - a +0 buckler
 H - a +1 pair of gloves (worn)
Jewellery
 e - the ring of Foddas {+Fly rC+ Dex+2}
   (You found it on level 5 of the Dungeon)

   [ring of flight]

   It affects your dexterity (+2).
   It protects you from cold.
   It lets you fly.
 r - a +2 amulet of reflection (around neck)
 y - a ring of magical power (left hand)
 D - a ring of wizardry (right hand)
Wands
 B - a wand of enslavement (13/24)
 I - a wand of random effects (32/48)
Scrolls
 m - a scroll of enchant weapon
 p - 2 scrolls of identify
 w - 3 scrolls of remove curse
 C - a scroll of magic mapping
 E - a scroll of enchant armour
 F - a scroll of vulnerability {unknown}
 L - a scroll of fear
Potions
 c - a potion of agility
 d - a potion of beneficial mutation {unknown}
 i - 3 potions of flight {unknown}
 o - 6 potions of heal wounds {unknown}
 q - 3 potions of might {unknown}
 t - a potion of lignification {unknown}
 u - a potion of experience {unknown}
 z - a potion of haste {unknown}
 K - a potion of cure mutation {unknown}
Books
 a - a book of Conjurations

   Spells                             Type                      Level
   a - Magic Dart                     Conjuration                  1
   b - Searing Ray                    Conjuration                  2
   c - Dazzling Spray                 Conjuration/Hexes            3
   d - Fulminant Prism                Conjuration/Hexes            4
   e - Iskenderun's Mystic Blast      Conjuration                  4
   f - Iskenderun's Battlesphere      Conjuration/Charms           5
 f - Waryoty's Handbook of Lucky Hexes
   (Sif Muna gifted it to you on level 10 of the Dungeon)

   Spells                             Type                      Level
   a - Infusion                       Charms                       1
   b - Shroud of Golubria             Charms/Translocation         2
   c - Ozocubu's Armour               Charms/Ice                   3
   d - Leda's Liquefaction            Hexes/Earth                  4
   e - Haste                          Charms                       6
 v - a book of the Dragon

   Spells                             Type                      Level
   a - Flame Tongue                   Conjuration/Fire             1
   b - Cause Fear                     Hexes                        4
   c - Bolt of Fire                   Conjuration/Fire             6
   d - Dragon Form                    Transmutation                7
   e - Dragon's Call                  Summoning                    9
 A - a book of Maledictions

   Spells                             Type                      Level
   a - Corona                         Hexes                        1
   b - Ensorcelled Hibernation        Hexes/Ice                    2
   c - Confuse                        Hexes                        3
   d - Tukima's Dance                 Hexes                        3
   e - Dazzling Spray                 Conjuration/Hexes            3
 N - a book of the Warp

   Spells                             Type                      Level
   a - Gell's Gravitas                Hexes/Translocation          3
   b - Force Lance                    Conjuration/Translocation    4
   c - Summon Forest                  Summoning/Translocation      5
   d - Dispersal                      Translocation                6
   e - Controlled Blink               Translocation                8
   f - Disjunction                    Translocation                8
Comestibles
 b - 6 bread rations
 h - 6 fruits
 j - 5 meat rations
 k - a royal jelly
 l - 2 beef jerkies
 x - 10 slices of pizza
 M - 3 chunks of flesh


   Skills:
 + Level 0.7 Fighting
 - Level 1.7 Dodging
 - Level 1.7 Stealth
 + Level 6.0 Spellcasting
 + Level 10.9 Conjurations
 - Level 5.8 Charms
 + Level 8.6 Fire Magic


You had 3 spell levels left.
You knew the following spells:

 Your Spells              Type           Power        Failure   Level  Hunger
a - Magic Dart            Conj           ####         1%          1    None
b - Searing Ray           Conj           #####.       1%          2    None
c - Iskenderun's Mystic   Conj           #####...     1%          4    ####...
d - Iskenderun's Battles  Conj/Chrm      #####...     4%          5    #####..
e - Bolt of Fire          Conj/Fire      #####.....   14%         6    #######


Dungeon Overview and Level Annotations

Branches:
Dungeon (10/15)            Temple (0/1) D:5             Orc (0/2) D:9
   Lair: D:8-11

Altars:
Ashenzari
Cheibriados
Dithmenos
Gozag
Hepliaklqana
Kikubaaqudgha
Ru
Sif Muna
Trog
Vehumet
Yredelemnul
Zin

Shops:
D:10 }

Annotations:
D:2 1 runed door
D:7 Prince Ribbit


Innate Abilities, Weirdness & Mutations

You can spit globs of burning liquid.
You can ignite nearby creatures when you spit burning liquid.
Your weird mottled scales are hard. (AC +7)
Your body does not fit into most forms of armour.
You are cold-blooded and may be slowed by cold attacks.


Message History

You are very lightly contaminated with residual magic.
As you read the scroll of blinking, it crumbles to dust.
As you read the scroll of teleportation, it crumbles to dust.
You feel strangely unstable.
Your surroundings suddenly seem different.
A wyvern comes into view.
The wyvern hisses angrily.
The wyvern bites you.
* * * LOW HITPOINT WARNING * * *
Found a scroll of blinking.
Okay, then.
The wyvern barely misses you.
You see here a scroll of blinking.
g - a scroll of blinking The wyvern misses you.
Blink to where?
Press: ? - help, Dir - move target cursor
As you read the scroll of blinking, it crumbles to dust.
The wyvern bites you.
You die...

#.#######.#
#.###.# #..
..# #.# ###
#.. ..#
#### #..
#.# ####
#.# ..# #.#
#.# #@# #l#
#.# #.# #.#
#
#.######.#
#...l....#
##########


You could see a wyvern.

Vanquished Creatures
  A hill giant (D:10)
  3 yaks (D:10)
  A water moccasin (D:8)
  5 orc warriors
  3 sky beasts
  2 black bears
  5 ice beasts
  2 centaurs
  4 ogres
  2 big kobolds
  8 giant frogs
  A gnoll sergeant (D:6)
  A scorpion (D:10)
  2 howler monkeys
  An electric eel (D:8)
  A giant frog zombie (D:8)
  2 crimson imps
  A jelly (D:10)
  5 orc priests
  A centaur skeleton (D:6)
  4 hounds
  2 giant frog skeletons
  2 gnoll shamans (D:6)
  12 orc wizards
  2 iguanas (D:7)
  Ijyb (D:3)
  7 worker ants
  A hound skeleton (D:4)
  A worker ant zombie (D:7)
  51 gnolls
  A howler monkey skeleton (D:8)
  13 adders
  A shadow imp (D:7)
  An adder skeleton (D:8)
  5 worms
  3 dart slugs
  8 giant geckos
  52 orcs
  5 giant cockroaches
  9 goblins
  7 hobgoblins
  20 jackals
  16 kobolds
  7 quokkas
  3 ball pythons
  2 bats
  A giant gecko skeleton (D:4)
  3 giant newts
  7 rats
298 creatures vanquished.

Vanquished Creatures (others)
  A plant (D:6)
1 creature vanquished.

Grand Total: 299 creatures vanquished

Notes
Turn   | Place    | Note
-------+----------+-------------------------------------------
     0 | D:1      | hairmachine the Draconian Conjurer began the quest for the Orb.
     0 | D:1      | Reached XP level 1. HP: 14/14 MP: 3/3
   389 | D:1      | Reached XP level 2. HP: 20/20 MP: 3/5
   415 | D:1      | Learned a level 2 spell: Searing Ray
  1459 | D:2      | Reached skill level 5 in Conjurations
  1459 | D:2      | Reached XP level 3. HP: 26/26 MP: 1/6
  1733 | D:2      | Found a runed door.
  2742 | D:3      | Reached XP level 4. HP: 33/33 MP: 2/7
  2839 | D:3      | Learned a level 4 spell: Iskenderun's Mystic Blast
  3134 | D:3      | Noticed Ijyb
  3190 | D:3      | Killed Ijyb
  3190 | D:3      | Reached skill level 6 in Conjurations
  3291 | D:3      | Noticed an ice beast
  3594 | D:4      | Found a basalt altar of Yredelemnul.
  3594 | D:4      | Found a sacrificial altar of Ru.
  3594 | D:4      | Found a shattered altar of Ashenzari.
  3594 | D:4      | Found a shadowy altar of Dithmenos.
  3594 | D:4      | Found a deep blue altar of Sif Muna.
  3643 | D:4      | Reached XP level 5. HP: 38/38 MP: 1/8
  3806 | D:4      | Became a worshipper of Sif Muna the Loreminder
  4362 | D:3      | Reached skill level 7 in Conjurations
  4510 | D:4      | Noticed an ogre
  4811 | D:4      | Reached XP level 6. HP: 45/45 MP: 4/10
  5015 | D:4      | Found a bloodstained altar of Trog.
  5050 | D:4      | Noticed an ice beast
  5102 | D:3      | Killed an ice beast
  5414 | D:4      | Reached * piety under Sif Muna
  5414 | D:4      | Your scales start taking on a weird mottled colour.
  5414 | D:4      | Reached XP level 7. HP: 50/50 MP: 2/12
  6050 | D:4      | Reached skill level 8 in Conjurations
  6109 | D:4      | Learned a level 5 spell: Iskenderun's Battlesphere
  6127 | D:5      | Entered Level 5 of the Dungeon
  6184 | D:5      | Reached skill level 1 in Charms
  6270 | D:5      | Got a pitted marble ring
  6323 | D:5      | Found a staircase to the Ecumenical Temple.
  6809 | D:5      | Found a hazy altar of Hepliaklqana.
  7000 | D:5      | Found a glowing silver altar of Zin.
  7291 | D:5      | Found an ancient bone altar of Kikubaaqudgha.
  7530 | D:6      | Reached XP level 8. HP: 56/57 MP: 9/15
  7865 | D:6      | Reached ** piety under Sif Muna
  7914 | D:6      | Reached skill level 5 in Spellcasting
  8405 | D:6      | Found an opulent altar of Gozag.
  9404 | D:7      | Reached skill level 9 in Conjurations
  9552 | D:7      | Learned a level 6 spell: Bolt of Fire
  9777 | D:6      | Reached *** piety under Sif Muna
 10655 | D:6      | Reached XP level 9. HP: 62/62 MP: 2/18
 11379 | D:6      | Reached skill level 5 in Charms
 11442 | D:6      | Got an ivory trident {speed}
 11447 | D:6      | Identified the +8 trident of Context {speed, rElec rC++} (You took it off a gnoll sergeant on level 6 of the Dungeon)
 12002 | D:7      | Identified the ring of Foddas {+Fly rC+ Dex+2} (You found it on level 5 of the Dungeon)
 12096 | D:7      | Reached skill level 1 in Fire Magic
 12198 | D:7      | Noticed Prince Ribbit
 12474 | D:7      | Reached **** piety under Sif Muna
 12999 | D:8      | Found a shattered altar of Ashenzari.
 13024 | D:8      | Reached skill level 10 in Conjurations
 13214 | D:8      | Reached skill level 5 in Fire Magic
 14044 | D:8      | Found a radiant altar of Vehumet.
 14460 | D:9      | Found a staircase to the Orcish Mines.
 14707 | D:9      | Reached XP level 10. HP: 69/69 MP: 19/19
 15038 | D:9      | Found a snail-covered altar of Cheibriados.
 15688 | D:10     | Entered Level 10 of the Dungeon
 15787 | D:10     | Noticed a hill giant
 15809 | D:10     | Reached ***** piety under Sif Muna
 15814 | D:10     | Killed a hill giant
 15814 | D:10     | Identified Waryoty's Handbook of Lucky Hexes (Sif Muna gifted it to you on level 10 of the Dungeon)
 15814 | D:10     | Received a gift from Sif Muna
 16152 | D:10     | Found a hazy altar of Hepliaklqana.
 16490 | D:10     | Found Dyenoum's Gadget Shoppe.
 16598 | D:10     | HP: 1/70 [wyvern (6)]
 16607 | D:10     | Slain by a wyvern

Vault maps used:
D:1:      minmay_arrival_up_and_down, minmay_tromino_mix6
D:2:      uniq_crazy_yiuf_cottage
D:3:      serial_park_tiny_pond, minmay_item_behind_shaft, uniq_iyjb
D:4:      marbit_many_paths, grunt_temple_overflow_open
D:5:      kennysheep_little_box, kennysheep_mini_moat,
          lemuel_coloured_pillars_altar, first_bread
D:6:      lemuel_castle_with_subvaults, grunt_gozag_breadcrumbs
D:7:      uniq_prince_ribbit1
D:8:      vehumet_altar_wand_db, minivault_1, grunt_pizzeria, fountainhead,
          evilmike_ruin_ashenzari
D:9:      overflow_temple_1_default, david_orc_2
D:10:     serial_shops, nicolae_shop_window_shopping, basic_altar

Skill      XL: |  1  2  3  4  5  6  7  8  9 10 |
---------------+-------------------------------+-----
Conjurations   | 5 6 7 8 9 10 | 10.9
Spellcasting   | 3 4 6 |  6.0
Charms         | 2 4 5 |  5.8
Fire Magic     | 6 8 |  8.6
Fighting       | |  0.7
Dodging        | |  1.7
Stealth        | |  1.7

Action                   |  1- 3 |  4- 6 |  7- 9 | 10-12 || total
-------------------------+-------+-------+-------+-------++-------
Melee: Dagger            |       |     4 |     2 |       ||     6
       Unarmed           |       |     4 |       |       ||     4
       Tailslap          |       |     1 |       |       ||     1
       Trident           |       |       |    11 |     5 ||    16
 Cast: Magic Dart        |    62 |   105 |   244 |    30 ||   441
       Searing Ray       |    14 |    21 |    90 |    20 ||   145
       Iskenderun's Myst |       |     1 |    15 |     8 ||    24
       Iskenderun's Batt |       |       |     4 |     4 ||     8
Invok: Divine Energy     |       |       |       |     1 ||     1
  Use: Scroll            |       |     8 |     7 |     3 ||    18
       Potion            |       |       |       |     1 ||     1
  Eat: Chunk             |     7 |    11 |    32 |     5 ||    55
       Fruit             |       |       |       |     1 ||     1
       Pizza             |       |       |       |     1 ||     1
Armor: Skin              |     8 |    23 |    42 |    16 ||    89
Dodge: Dodged            |     9 |    36 |    91 |    21 ||   157
Block: Other             |       |       |     1 |     3 ||     4
